 Dungeon Crawl Stone Soup version 0.29.1-15-g9cfb28693d (webtiles) character file.

Game seed: 1552642455341003863

4 leafyfresh the Sneak (level 1, -3/16 HPs)
             Began as an Octopode Delver on Feb 24, 2023.
             Slain by an orc wizard
             ... wielding a +2 antimagic dagger
              (5 damage)
             ... on level 5 of the Dungeon.
             The game lasted 00:00:14 (35 turns).

leafyfresh the Sneak (Octopode Delver)                Turns: 35, Time: 00:00:14

Health: -3/16      AC:  1    Str: 11    XL:     1   Next: 60%
Magic:  0/1        EV: 13    Int: 12    God:
Gold:   0          SH:  0    Dex: 13    Spells: 0/0 levels left

rFire   . . .      SeeInvis .   a - +0 short sword
rCold   . . .      Faith    .   (no shield)
rNeg    . . .      Spirit   .   (helmet restricted)
rPois   .          Reflect  .   (no amulet)
rElec   .          Harm     .   (no ring)
rCorr   .          Rampage  .   (no ring)
Will    .....                   (no ring)
Stlth   ++++......              (no ring)
HPRegen 0.05/turn               (no ring)
MPRegen 0.07/turn               (no ring)
                                (no ring)
                                (no ring)

@: no status effects
A: almost no armour, amphibious, 8 rings, camouflage 1, gelatinous body 1,
(nimble swimmer 1), tentacles
a: no special abilities


You were on level 5 of the Dungeon.
You visited 1 branch of the dungeon, and saw 1 of its levels.

Inventory:

Hand Weapons
 a - a +0 short sword (weapon)
Wands
 f - a wand of digging (3)
Scrolls
 b - a scroll of fog
 c - a scroll of magic mapping
 d - a scroll of fear
 g - a scroll of identify {unknown}
Potions
 e - a potion of haste
 h - a potion of heal wounds {unknown}


   Skills:
 + Level 3.0 Fighting
 + Level 2.1 Short Blades
 + Level 2.1 Dodging
 + Level 6.6 Stealth


You couldn't memorise any spells.
You didn't know any spells.
Your spell library was empty.

Dungeon Overview and Level Annotations

Branches:
Dungeon (5/15)
 Temple: D:4-7

Altars:


Innate Abilities, Weirdness & Mutations

You cannot wear most types of armour.
You are amphibious.
You can wear up to eight rings at the same time.
Your skin changes colour to match your surroundings (Stealth+).
Your rubbery body absorbs attacks. (AC +1, EV +1)
((You are camouflaged when in or above water. (Stealth+)))
You have tentacles for arms and can constrict up to eight enemies at once.


Message History

No target in view!
An orc and an orc wizard come into view.
The orc wizard is wielding a +2 antimagic dagger.
The orc wizard casts a spell.
The orc wizard flickers and vanishes!
Deactivating autopickup; reactivate with Ctrl-A.
An orc is nearby!
Found a scale mail and a scroll labelled DIUNISCH PEETITT.
You hit the orc but do no damage. Your grab misses the orc.
An orc comes into view. It is wielding a +0 flail.
The orc shouts!
You hit the orc. You grab the orc.
The orc is heavily wounded.
You constrict the orc, but do no damage.
The orc misses you.
You hit the orc but do no damage.
The orc is heavily wounded.
You constrict the orc.
An orc comes into view. It is wielding a +1 vorpal trident.
Something hits you. The orc barely misses you.
You hit the orc.
You kill the orc!
An orc comes into view. It is wielding a +0 falchion.
You hear some strange, mumbled words.
A magic dart appears from out of thin air!
The magic dart hits you!
Ouch! That really hurt!
The orc barely misses you. Something hits you.
* * * LOW HITPOINT WARNING * * *
You feel your power leaking away.
You hit the orc but do no damage. You grab the orc. You squeeze the orc!
You kill the orc!
The orc barely misses you.
Things that are here:
a +0 flail; an orc corpse You hit the orc.
Your grab misses the orc. Your squeeze misses the orc.
The orc is lightly wounded.
The orc misses you. Something hits you.
You die...

+..........#...#
#..........#..##
#.....#########
#.....'....#
+.....#....#
#.....########
##............
#...#######..
#.)@# #.oo#
+...# #....
#.... ###...
#... +.[.?


You could see 2 orcs.

Vanquished Creatures
  2 orcs (D:5)
2 creatures vanquished.

Notes
Turn   | Place    | Note
-------+----------+-------------------------------------------
     0 | D:5      | leafyfresh the Octopode Delver began the quest for the Orb.
     0 | D:5      | Reached XP level 1. HP: 16/16 MP: 1/1
    25 | D:5      | Noticed an orc wizard
    35 | D:5      | Slain by an orc wizard

Illustrated notes

Levels and vault maps discovered:
D:5:      layout_gridville, mainiacjoe_overflow_alcove_1,
          minmay_temple_entry_antechambers

Action                   || total
-------------------------++-------
Melee: Short sword       ||     6
       Constrict         ||     2
       Tentacles         ||     1
Dodge: Dodged            ||     5
